 Dungeon Crawl Stone Soup version 0.25.1-2-g60ff931df9 (webtiles) character file.

Game seed: 12248129455937944907

36 DogServant the Poker (level 3, 8/30 HPs)
             Began as a Centaur Gladiator on Nov 10, 2020.
             Quit the game on level 2 of the Dungeon.
             The game lasted 00:01:09 (1036 turns).

DogServant the Poker (Centaur Gladiator)            Turns: 1036, Time: 00:01:10

Health: 8/30       AC:  5    Str: 17    XL:     3   Next: 19%
Magic:  3/3        EV:  9    Int:  7    God:
Gold:   75         SH:  0    Dex: 10    Spells: 2/2 levels left

rFire    . . .     SeeInvis .   a - +0 trident
rCold    . . .     Gourm    .   (no shield)
rNeg     . . .     Faith    .   b - +0 leather armour
rPois    .         Spirit   .   c - +0 helmet
rElec    .         Reflect  .   (no cloak)
rCorr    .         Harm     .   (no gloves)
MR       .....                  (no barding)
Stlth    ..........             (no amulet)
HPRegen  0.10/turn              (no ring)
MPRegen  0.08/turn              (no ring)

@: very quick
A: large, hooves 3, deformed body, speed 2, tough skin 3
a: no special abilities


You were on level 2 of the Dungeon.
You were not hungry.

You visited 1 branch of the dungeon, and saw 2 of its levels.

You collected 75 gold pieces.

Inventory:

Hand Weapons
 a - a +0 trident (weapon)
Missiles
 d - a throwing net (quivered)
Armour
 b - a +0 leather armour (worn)
 c - a +0 helmet (worn)
 i - a +0 pair of gloves
Jewellery
 h - an uncursed ring of see invisible {unknown}
 l - an uncursed ring of positive energy {unknown}
Scrolls
 e - 2 scrolls of random uselessness {unknown}
 g - 3 scrolls of identify {unknown}
 j - a scroll of fog {unknown}
 k - a scroll of magic mapping {unknown}
 m - a scroll of teleportation {unknown}
 o - a scroll of remove curse {unknown}
Potions
 n - a potion of degeneration {unknown}
 q - a potion of curing {unknown}
Comestibles
 f - a ration
 p - 2 chunks of flesh


   Skills:
 + Level 2.9 Fighting
 + Level 3.3 Polearms
 - Level 2.1 Throwing
 - Level 2.1 Dodging


You had 2 spell levels left.
You didn't know any spells.
Your spell library was empty.

Dungeon Overview and Level Annotations

Branches:
Dungeon (2/15)

Altars:
The Shining One


Innate Abilities, Weirdness & Mutations

You have hooves in place of feet.
Armour fits poorly on your strangely shaped body.
You cover ground very quickly.
You have extremely tough skin. (AC +3)


Message History

The jackal bites you but does no damage.
The jackal misses you. The frilled lizard closely misses you.
The jackal bites you but does no damage.
The frilled lizard closely misses you.
The jackal bites you but does no damage.
The jackal barely misses you. The frilled lizard bites you.
The jackal bites you. The frilled lizard closely misses you.
The jackal barely misses you.
The frilled lizard bites you but does no damage.
The jackal bites you but does no damage.
The jackal bites you but does no damage.
The frilled lizard bites you but does no damage.
The jackal bites you but does no damage.
The frilled lizard bites you.
* * * LOW HITPOINT WARNING * * *
The jackal bites you.
* * * LOW HITPOINT WARNING * * *
The jackal bites you but does no damage.
The frilled lizard bites you but does no damage.
Are you sure you want to abandon this character and quit the game? (Confirm with "yes".)

#...............#
#...............#
#.>....÷)...[...#
#......÷<.......#
#.........).....#
##......<......# #
##.....#......##..##
##########.#lh.....
#.@#%#.. .######h#.#
.......r†l#
#######)##..... #.#
?... ... ... ... ##
##... ####


You could see 2 jackals, a frilled lizard and a rat.

Vanquished Creatures
  An adder (D:2)
  A gnoll (D:1)
  A dart slug (D:1)
  2 bats
  3 goblins
  A hobgoblin (D:1)
  A jackal (D:2)
  A ball python (D:1)
  6 rats
17 creatures vanquished.

Notes
Turn   | Place    | Note
-------+----------+-------------------------------------------
     0 | D:1      | DogServant the Centaur Gladiator began the quest for the
                  | Orb.
     0 | D:1      | Reached XP level 1. HP: 17/17 MP: 1/1
   251 | D:1      | Found a glowing golden altar of the Shining One.
   391 | D:1      | Reached skill level 3 in Polearms
   405 | D:1      | Reached XP level 2. HP: 25/25 MP: 2/2
  1025 | D:2      | Reached XP level 3. HP: 16/30 MP: 3/3
  1036 | D:2      | Quit the game

Illustrated notes

Levels and vault maps discovered:
D:1:      minmay_arrival_wavy_path, layout_loops_corners, tso_metal_star
D:2:      layout_rooms, chequers_temple_overflow_statue_of_worship, uniq_terence

Skill      XL: |  1 |
---------------+----+-----
Polearms       | 3 |  3.3
Fighting       | |  2.9
Throwing       | |  2.1
Dodging        | |  2.1

Action                   || total
-------------------------++-------
Melee: Trident           ||    50
       Kick              ||     5
Throw: Throwing net      ||     2
Armor: Leather armour    ||    31
Dodge: Dodged            ||    20
